 Dungeon Crawl Stone Soup version 0.24-a0-416-g56ce5178b7 (webtiles) character file.

Game seed: 14078461487113066600

1139 DavidChitty2 the Cleaver (level 8, -1/70 HPs)
             Began as a Hill Orc Fighter on June 9, 2019.
             Slain by a hornet (8 damage)
             ... while paralysed by a hornet
             ... on level 7 of the Dungeon.
             The game lasted 00:05:36 (4858 turns).

DavidChitty2 the Cleaver (Hill Orc Fighter)         Turns: 4858, Time: 00:05:37

Health: -1/70      AC: 16    Str: 21    XL:     8   Next: 37%
Magic:  8/8        EV:  2    Int:  8    God:
Gold:   206        SH:  0    Dex: 10    Spells: 7/7 levels left

rFire    + . .     SeeInvis .   a - +1 war axe
rCold    . . .     Gourm    .   c - +0 shield
rNeg     . . .     Faith    .   q - +0 chain mail
rPois    .         Spirit   .   i - +2 hat
rElec    .         Reflect  .   (no cloak)
rCorr    .         Harm     .   v - +0 pair of gloves
MR       .....                  (no boots)
Stlth    ..........             (no amulet)
HPRegen  0.21/turn              h - +3 ring of protection
MPRegen  0.11/turn              g - ring of protection from fire

@: paralysed
A: no striking features
a: no special abilities


You were on level 7 of the Dungeon.
You were not hungry.

You visited 1 branch of the dungeon, and saw 6 of its levels.

You collected 206 gold pieces.

Inventory:

Hand Weapons
 a - a +1 war axe (weapon)
 b - a +1 flail of pain
Armour
 c - a +0 shield (worn)
 i - a +2 hat (worn)
 q - a +0 chain mail (worn)
 v - a +0 pair of gloves (worn)
Jewellery
 g - a ring of protection from fire (right hand)
 h - a +3 ring of protection (left hand)
Scrolls
 j - 3 scrolls of identify
 m - 2 scrolls of remove curse
 s - a scroll of magic mapping
 u - a scroll of enchant armour
 w - 2 scrolls of enchant weapon
 x - a scroll of fear {unknown}
 y - a scroll of amnesia {unknown}
Potions
 d - a potion of might
 e - 5 potions of lignification
 k - 3 potions of curing
 l - a potion of heal wounds {unknown}
 n - 4 potions of agility
 o - a potion of haste {unknown}
 p - a potion of degeneration {unknown}
 t - a potion of flight
Comestibles
 f - 4 rations
 r - 2 chunks of flesh


   Skills:
 + Level 6.3 Fighting
 * Level 8.4 Axes
 + Level 5.7 Armour
 + Level 5.7 Shields


You had 7 spell levels left.
You didn't know any spells.
Your spell library was empty.

Dungeon Overview and Level Annotations

Branches:
Dungeon (5/15)
 Temple: D:4-7

Altars:
Fedhas
Gozag
Ru
Uskayaw
Xom
Zin


Message History

You feel yourself speed up.
* * * LOW HITPOINT WARNING * * *
You feel sick.
The centaur shoots an arrow.
The arrow barely misses you. You block the hornet's attack.
The hippogriff bites you.
* * * LOW HITPOINT WARNING * * *
The hippogriff pecks you but does no damage.
The hippogriff claws you but does no damage.
The centaur shoots an arrow.
The arrow hits you but does no damage. You block the hornet's attack.
You block the hippogriff's attack.
The hippogriff pecks you but does no damage.
The hippogriff claws you but does no damage.
You feel better.
The centaur shoots an arrow.
You block the arrow.
The hornet stings you but does no damage.
The hornet stings you!
* * * LOW HITPOINT WARNING * * *
You suddenly lose the ability to move!
The hippogriff barely misses you.
The hippogriff pecks you but does no damage.
The hippogriff claws you but does no damage.
The hornet stings you!
You die...

...........# ##.
.##........#####.#
.......c...##.##.#
...........#..#..#
##.)...÷.........#
.......##...)....#
.......##..(.....#
.##..............#
............@#..#
............Hy##.####+###
.........................
..............###.$...#..
...........# #.†...#
.#.#.#..#.# #†.......
.....#... .........
...#.........#.>[..
................H..


You could see a hippogriff, a hornet and a centaur.

Vanquished Creatures
  Sigmund (D:2)
  A hungry ghost (D:7)
  Blork the orc (D:3)
  A gnoll sergeant (D:2)
  A wyvern skeleton (D:7)
  A scorpion (D:4)
  A hound (D:5)
  A centaur zombie (D:7)
  A jelly (D:5)
  A bullfrog skeleton (D:4)
  A centaur skeleton (D:5)
  Jessica (D:2)
  An iguana (D:7)
  Natasha (twice) (D:4)
  An orc wizard (D:4)
  4 worker ants
  Robin (D:4)
  A hound skeleton (D:3)
  7 gnolls
  5 adders
  3 oozes
  2 worms
  5 dart slugs
  2 leopard geckos
  4 orcs
  7 giant cockroaches
  17 goblins
  12 hobgoblins
  10 jackals
  13 kobolds
  2 quokkas (D:3)
  3 bats
  3 frilled lizards
  A leopard gecko skeleton (D:4)
  6 rats
124 creatures vanquished.

Notes
Turn   | Place    | Note
-------+----------+-------------------------------------------
     0 | D:1      | DavidChitty2 the Hill Orc Fighter began the quest for the
                  | Orb.
     0 | D:1      | Reached XP level 1. HP: 19/19 MP: 1/1
    84 | D:1      | Reached skill level 3 in Axes
    88 | D:1      | Reached XP level 2. HP: 15/27 MP: 2/2
   582 | D:1      | Reached XP level 3. HP: 32/33 MP: 3/3
   872 | D:2      | Found a blossoming altar of Fedhas.
  1106 | D:2      | Reached skill level 4 in Axes
  1116 | D:2      | Reached XP level 4. HP: 35/40 MP: 4/4
  1128 | D:2      | Noticed Jessica
  1136 | D:2      | Killed Jessica
  1430 | D:2      | Noticed a gnoll sergeant
  1746 | D:2      | Reached XP level 5. HP: 39/47 MP: 5/5
  1751 | D:2      | Reached skill level 5 in Axes
  1876 | D:2      | Noticed Sigmund
  1892 | D:2      | Killed Sigmund
  1892 | D:2      | Reached skill level 5 in Fighting
  1892 | D:2      | Reached XP level 6. HP: 21/56 MP: 6/6
  2414 | D:2      | Found a faded altar of an unknown god.
  2739 | D:3      | Noticed a +0 dagger
  2739 | D:3      | Noticed a +0 dagger
  2740 | D:3      | Found a hide-covered altar of Uskayaw.
  2778 | D:3      | Reached skill level 6 in Axes
  3666 | D:4      | Noticed Blork the orc
  3666 | D:4      | Noticed Natasha
  3706 | D:3      | Killed Blork the orc
  3706 | D:3      | Reached XP level 7. HP: 37/61 MP: 7/7
  3828 | D:4      | Killed Natasha
  3970 | D:4      | Noticed Robin
  3973 | D:4      | Noticed Natasha
  3985 | D:4      | Killed Robin
  3992 | D:4      | Killed Natasha
  3992 | D:4      | Reached skill level 5 in Armour
  3992 | D:4      | Reached skill level 5 in Shields
  4035 | D:4      | Found a shimmering altar of Xom.
  4035 | D:4      | Found a glowing silver altar of Zin.
  4037 | D:4      | Found an opulent altar of Gozag.
  4067 | D:4      | Reached skill level 7 in Axes
  4391 | D:4      | You fall into a shaft and drop 1 floor!
  4391 | D:5      | Entered Level 5 of the Dungeon
  4671 | D:5      | Reached XP level 8. HP: 70/70 MP: 8/8
  4745 | D:4      | Found a sacrificial altar of Ru.
  4770 | D:4      | You fall into a shaft and drop 3 floors!
  4820 | D:7      | Reached skill level 8 in Axes
  4840 | D:7      | Noticed a hippogriff
  4847 | D:7      | Noticed a hornet
  4857 | D:7      | Paralysed by a hornet for 3 turns
  4858 | D:7      | Slain by a hornet

Levels and vault maps discovered:
D:1:      zelgadis_glass_arrival_small, layout_loops_ring,
          hangedman_decor_opposing
D:2:      layout_basic, fedhas_altar_3, chequers_ecumenical_altar_grove,
          uniq_sigmund, uniq_jessica
D:3:      wad_crossroads, layout_basic, dancing_weapons_uskayaw
D:4:      layout_loops_corners, chequers_temple_overflow_statue_of_worship,
          first_ration, nicolae_ru_great_annihilating_truth, uniq_natasha,
          uniq_blork_the_orc, uniq_robin
D:5:      layout_basic, nemelex_altar_shiori
D:7:      layout_cave_pools, nicolae_dithmenos_the_darkroom,
          minmay_temple_entry_glass, grunt_livestock, grunt_ministairs_3,
          xom_redecorated

Skill      XL: |  1  2  3  4  5  6  7  8 |
---------------+-------------------------+-----
Axes           | 3 4 5 6 7 8 |  8.4
Fighting       | 4 5 6 |  6.3
Shields        | 4 5 |  5.7
Armour         | 4 5 |  5.7

Action                   |  1- 3 |  4- 6 |  7- 9 || total
-------------------------+-------+-------+-------++-------
Melee: War axe           |    85 |   165 |   176 ||   426
  Use: Scroll            |       |     9 |     2 ||    11
       Potion            |       |       |     1 ||     1
  Eat: Chunk             |     1 |     5 |    11 ||    17
       Ration            |       |     1 |       ||     1
Armor: Scale mail        |    25 |       |       ||    25
       Chain mail        |     8 |   107 |   106 ||   221
Dodge: Dodged            |    26 |    36 |    57 ||   119
Block: Shield            |    45 |    91 |    96 ||   232

Table legend:
 A = Non-vault XP
 B = Vault XP
 C = Vault XP percentage of total XP
 D = Non-vault monster count
 E = Vault monster count
 F = Vault count percentage of total count
                 A         B        C        D         E       F
            +---------+---------+-------+---------+---------+-------
      Total |    1147 |     481 |  29.5 |     100 |      24 |  19.4
            +---------+---------+-------+---------+---------+-------
        D:1 |      42 |       0 |   0.0 |      21 |       0 |   0.0
        D:2 |     186 |     245 |  56.8 |      26 |       2 |   7.1
        D:3 |     108 |     108 |  50.0 |      20 |       5 |  20.0
        D:4 |     235 |     128 |  35.3 |      11 |      17 |  60.7
        D:5 |     230 |       0 |   0.0 |      14 |       0 |   0.0
        D:7 |     346 |       0 |   0.0 |       8 |       0 |   0.0
            +---------+---------+-------+---------+---------+-------
